 Dungeon Crawl Stone Soup version 0.27-a0-906-g0a00ce863d (webtiles) character file.

Game seed: 9832885742152739088

63456 robertstho the Fighter (level 15, -5/114 (118) HPs)
             Began as a Djinni Ice Elementalist on Apr 6, 2021.
             Slain by an orc warrior
             ... wielding a +0 glaive
              (12 damage)
             ... on level 2 of the Orcish Mines.
             The game lasted 00:48:39 (29182 turns).

robertstho the Fighter (Djinni Ice Elementalist)   Turns: 29182, Time: 00:48:42

HP:   -5/114 (118)  AC: 11    Str: 16    XL:     15   Next: 9%
Gold: 1510          EV: 15    Int: 26    God:
                    SH:  5    Dex: 15

rFire    + + +     SeeInvis .   p - +11 hunting sling of Regicide {venom, Str+5}
rCold    . . .     Faith    .   (no shield)
rNeg     . . .     Spirit   .   u - +2 robe {rF+}
rPois    ∞         Reflect  +   n - +2 helmet
rElec    +         Harm     .   v - +2 cloak {Will+}
rCorr    .         Rampage  .   r - +0 pair of gloves
Will     +++..                  (boots unavailable)
Stlth    ++++......             d - amulet of reflection
HPRegen  0.29/turn              e - ring of Eboboh {rElec rC+ Will+ Int-2 Stlth+}
MPRegen  0.00/turn              i - ring "Idatiode" {rPois Str+4 Int+6}

@: flying, slowed, lightly drained, very slow
A: fire resistance 2, cold vulnerability 1, float, innate caster, hp casting,
extra vitality 1
a: no special abilities


You were on level 2 of the Orcish Mines.
You visited 3 branches of the dungeon, and saw 19 of its levels.

You collected 2041 gold pieces.
You spent 531 gold pieces at shops.

Inventory:

Hand Weapons
 p - the +11 hunting sling of Regicide (weapon) {venom, Str+5}
   (You found it on level 4 of the Dungeon)

   It poisons the ammo it fires.
   It affects your strength (+5).
 J - the +7 captain's cutlass {speed, disarm}
   (You found it on level 5 of the Lair of Beasts)

   Attacks with this weapon are significantly faster.
Missiles
 l - 132 sling bullets
 s - 396 stones (quivered ammo)
 G - 3 throwing nets
 U - 5 boomerangs of dispersal
Armour
 n - a +2 helmet (worn)
 r - a +0 pair of gloves (worn)
 u - a +2 robe of fire resistance (worn)
 v - a +2 cloak of willpower (worn)
 O - a +1 robe of cold resistance
Jewellery
 d - an amulet of reflection (around neck)
 e - the ring of Eboboh (left hand) {rElec rC+ Will+ Int-2 Stlth+}
   (You found it on level 4 of the Dungeon)

   [ring of willpower]

   It affects your intelligence (-2).
   It protects you from cold.
   It insulates you from electricity.
   It increases your willpower.
   It makes you more stealthy.
 i - the ring "Idatiode" (right hand) {rPois Str+4 Int+6}
   (You acquired it on level 5 of the Dungeon)

   [ring of intelligence]

   It affects your strength (+4).
   It affects your intelligence (+6).
   It protects you from poison.
 j - a ring of see invisible
 y - a ring of fire
 C - an amulet of regeneration
 I - a ring of positive energy
 P - a ring of ice
 T - an amulet of the acrobat
 V - a ring of protection from cold
 W - a +4 ring of evasion
 Z - a ring of protection from fire
Wands
 a - a wand of acid (5)
 o - a wand of digging (9)
 Q - a wand of iceblast (14)
 S - a wand of mindburst (25)
Scrolls
 f - 3 scrolls of fog
 g - a scroll of torment {unknown}
 k - 2 scrolls of magic mapping
 q - a scroll of immolation
 w - a scroll of enchant weapon
 x - 2 scrolls of silence
 z - a scroll of vulnerability {unknown}
 A - a scroll of summoning
 E - 7 scrolls of teleportation
 F - a scroll of brand weapon
 M - 2 scrolls of enchant armour
 R - a scroll of holy word
Potions
 b - 2 potions of resistance
 c - 4 potions of attraction
 h - a potion of berserk rage
 m - a potion of haste
 B - 8 potions of curing
 D - 3 potions of might
 H - a potion of cancellation
 K - a potion of mutation
 N - 3 potions of brilliance


   Skills:
 * Level 14.3 Fighting
 + Level 3.2 Short Blades
 + Level 12.7 Slings
 + Level 6.4 Dodging
 + Level 4.0 Stealth
 + Level 2.9 Shields
 * Level 11.5 Spellcasting
 + Level 0.5 Evocations


You couldn't memorise any spells.
You knew the following spells:

 Your Spells              Type           Power      Damage    Failure   Level
a - Freeze                Ice            100%       1d11      1%          1
b - Frozen Ramparts       Ice            100%       1d12      1%          3
c - Ozocubu's Armour      Ice            66%        N/A       1%          3
d - Hailstorm             Conj/Ice       66%        3d14      1%          4
e - Summon Ice Beast      Ice/Summ       66%        N/A       1%          4
f - Foxfire               Conj/Fire      100%       2x1d9     1%          1
g - Ensorcelled Hibernat  Hex/Ice        100%       N/A       1%          2
h - Tukima's Dance        Hex            66%        N/A       1%          3
i - Vampiric Draining     Necr           33%        2d10      1%          3
j - Bolt of Magma         Conj/Fire/Erth 33%        4d15      1%          5
k - Lightning Bolt        Conj/Air       33%        1d50      1%          5
l - Shadow Creatures      Summ           N/A        N/A       5%          6
Your spell library was empty.

Dungeon Overview and Level Annotations

Branches:
Dungeon (11/15)            Temple (0/1) D:7            Lair (6/6) D:10
 Shoals (0/4) Lair:4       Spider (0/4) Lair:3        Slime (0/5) Lair:5
    Orc (2/2) D:11            Elf (0/3) Orc:2

Altars:
Trog
Wu Jian
Beogh

Shops:
D:3 [[:*[   D:10 *   Orc:1 *   Orc:2 =

Annotations:
Orc:2 Saint Roka


Innate Abilities, Weirdness & Mutations

You are immune to poison.
Your flesh is very heat resistant. (rF++)
You are vulnerable to cold. (rC-)
You float through the air rather than walking.
You learn spells naturally, not from books.
Your magical power is your life essence.
You have superior vitality. (+4 HP)


Message History

The ghostly flame explodes!
The ghostly fireball engulfs you!
You feel drained.
The ghostly fireball engulfs Josephine.
Josephine completely resists.
The ghostly fireball engulfs the wraith.
The wraith completely resists.
The wraith hits you but does no damage.
The wall freezes Josephine.
You kill Josephine!
Casting: Bolt of Magma (mildly dangerous; 1% risk of failure)
Confirm with . or Enter, or press ? or * to list all spells.
Aiming: Bolt of Magma (mildly dangerous; 1% risk of failure)
Press: ? - help, Shift-Dir - straight line, f/p - wraith
Aim: a wraith (almost destroyed, 29% to evade)
The bolt of magma hits the wraith!!!
You destroy the wraith!
* * * LOW HITPOINT WARNING * * *
The wraith closely misses you.
An orc warrior comes into view. It is wielding a +0 glaive.
The wall freezes the orc warrior.
The wraith barely misses you.
Casting: Bolt of Magma (mildly dangerous; 1% risk of failure)
Confirm with . or Enter, or press ? or * to list all spells.
Wisps of shadow whirl around you...
* * * LOW HITPOINT WARNING * * *
The wall freezes the orc warrior!
The orc warrior hits you with a +0 scimitar.
* * * LOW HITPOINT WARNING * * *
The wraith closely misses you.
The wall freezes the orc warrior.
The orc warrior hits you with a +0 scimitar.
* * * LOW HITPOINT WARNING * * *
Your frozen ramparts will break if you move.
Continue?
Okay, then.
Your frozen ramparts will break if you move.
Continue?
The frozen ramparts melt away as you move.
Your warg bites the wraith but does no damage.
The wraith barely misses you.
Your warg bites the wraith.
As you read the scroll of summoning, it crumbles to dust.
Wisps of shadow whirl around you...
The orc warrior hits you with a +0 scimitar!
* * * LOW HITPOINT WARNING * * *
Your warg bites the wraith.
You block the wraith's attack.
The orc warrior hits you from afar with a +0 glaive!
You die...

......#..# ##.8<∩.8........#
≈o....#..#####..........._..#
.........##..##..8..#.......#
..o.(....#$.>......###......###
≈.o.((#..#.......######.......#
.....o#..###.......#...........
......o))# #...T...........#..#
......#o.# ####...O.......## ##
.....##co# #.@........##
##..##..o## #oW.C.....##
........#o## #)oh...#.##
.......#.W.##.o..(.#..##
.........o.....(#.##.##
.........o.)..####.##
...(...@W..#.## ............##
........(..##


You could see a wraith (ally target), 3 orc warriors, a friendly ettin
(summoned), a friendly two-headed ogre (summoned), a friendly troll (summoned)
and a friendly warg (summoned).

Vanquished Creatures
  Josephine (Orc:2)
  Fannar (D:11)
  14 hydras
  A boulder beetle (D:7)
  A merfolk avatar (Lair:6)
  An alligator (Lair:5)
  2 two-headed ogres
  5 death yaks
  An orc high priest (Orc:2)
  Sonja (Lair:1)
  Pikel (D:7)
  A harpy (Lair:6)
  2 cyclopes
  An orc sorcerer (Orc:1)
  2 wolf spiders (Lair:3)
  2 oklob plants (Lair:3)
  A manticore (Lair:6)
  4 centaur zombies
  3 black mambas (Lair:5)
  A merfolk siren (Lair:4)
  A torpor snail (Lair:3)
  16 cane toads
  2 elephants
  14 komodo dragons
  6 rime drakes
  A jumping spider (Lair:3)
  A wind drake (Lair:6)
  11 polar bears
  A hornet (D:11)
  4 blink frogs (Lair:3)
  6 dream sheep (Lair:5)
  2 redbacks (Lair:3)
  A spriggan (Lair:6)
  4 wraiths
  39 yaks
  2 vampires
  9 wyverns
  4 basilisks
  2 wargs (Orc:2)
  A steam dragon (D:8)
  2 swamp worms (Lair:3)
  20 water moccasins
  An acid dragon (D:9)
  4 black bears
  25 orc warriors
  2 ice beasts (D:7)
  A sky beast (D:6)
  2 necrophages
  16 wolves
  5 ogres
  15 centaurs
  4 lemures (D:7)
  A wyvern zombie (D:5)
  14 bullfrogs
  A gnoll sergeant (D:9)
  5 scorpions
  A water moccasin skeleton (D:5)
  7 wights
  16 killer bees
  2 howler monkeys
  13 orc priests
  5 hounds
  2 jellies (D:6)
  A bullfrog skeleton (D:7)
  3 centaur skeletons
  An iguana (D:7)
  29 orc wizards
  A howler monkey zombie (D:6)
  3 gnolls (D:9)
  6 adders
  2 white imps (D:6)
  An ufetubus (D:7)
  A worm (D:3)
  2 dart slugs (D:5)
  73 orcs
  3 bats
  3 endoplasms
  4 giant cockroaches
  3 goblins
  7 hobgoblins
  6 kobolds
  4 quokkas
  6 ball pythons
  4 frilled lizards
  2 rats
502 creatures vanquished.

Vanquished Creatures (collateral kills)
  Nessos (Orc:2)
  A troll (D:7)
  5 slime creatures (D:11)
  A shadow (D:7)
  A water moccasin (Lair:5)
  3 orc warriors
  3 killer bees (D:7)
  2 wights
  2 centaur zombies
  An orc priest (D:7)
  A howler monkey skeleton (D:7)
  4 orcs
25 creatures vanquished.

Vanquished Creatures (others)
  4 foxfires (D:7)
  40 fungi
  92 plants
136 creatures vanquished.

Grand Total: 663 creatures vanquished

Notes
Turn   | Place    | Note
-------+----------+-------------------------------------------
     0 | D:1      | robertstho the Djinni Ice Elementalist began the quest for
                  | the Orb.
     0 | D:1      | Reached XP level 1. HP: 15/15 MP: 0/0
   450 | D:1      | Reached XP level 2. HP: 21/21 MP: 0/0
  1044 | D:2      | Found a faded altar of an unknown god.
  1365 | D:2      | Reached XP level 3. HP: 25/25 MP: 0/0
  1365 | D:2      | Learned a level 1 spell: Foxfire
  1786 | D:3      | Found Ciawau's Armour Shop.
  1804 | D:3      | Reached skill level 1 in Short Blades
  2108 | D:3      | Found Acwed's Antique Armour Shoppe.
  2173 | D:3      | Found an ornate altar of the Wu Jian Council.
  2266 | D:3      | Found Xiolec's General Store.
  2269 | D:3      | Bought a scroll of identify for 22 gold pieces
  2419 | D:3      | Found Fuogredgh's Armour Shop.
  2458 | D:3      | Found Deshrue's Book Emporium.
  2611 | D:3      | Reached XP level 4. HP: 20/31 MP: 0/0
  2839 | D:4      | Reached skill level 1 in Fighting
  3595 | D:4      | Reached XP level 5. HP: 26/37 MP: 0/0
  3595 | D:4      | Learned a level 2 spell: Ensorcelled Hibernation
  4017 | D:4      | Noticed a black bear
  4028 | D:4      | Killed a black bear
  4029 | D:4      | Reached skill level 5 in Spellcasting
  4029 | D:4      | Reached XP level 6. HP: 16/43 MP: 0/0
  4446 | D:4      | Reached skill level 2 in Fighting
  4574 | D:4      | Identified the ring of Eboboh {rElec rC+ Will+ Int-2
                  | Stlth+}
  4706 | D:4      | Identified the +11 hunting sling of Regicide {venom, Str+5}
  5446 | D:5      | Entered Level 5 of the Dungeon
  5448 | D:5      | Noticed a necrophage
  5461 | D:5      | Reached XP level 7. HP: 10/49 MP: 0/0
  5461 | D:5      | Learned a level 3 spell: Tukima's Dance
  5468 | D:5      | Identified 2 scrolls of acquirement
  5468 | D:5      | Acquired an amulet of reflection
  5470 | D:5      | Acquired the ring "Idatiode" {rPois Str+4 Int+6}
  5487 | D:5      | Reached skill level 3 in Fighting
  5754 | D:5      | Reached XP level 8. HP: 55/56 MP: 0/0
  5847 | D:5      | Reached skill level 1 in Slings
  6296 | D:5      | Found the +10 tower shield of Ignorance {rN+ Int-4}
  6478 | D:3      | Bought a runed cloak for 165 gold pieces
  6584 | D:6      | Reached skill level 4 in Fighting
  7129 | D:6      | Reached XP level 9. HP: 64/64 MP: 0/0
  7129 | D:6      | Learned a level 3 spell: Vampiric Draining
  7262 | D:7      | Reached skill level 5 in Fighting
  7735 | D:7      | Noticed Pikel
  7746 | D:7      | Killed Pikel
  7747 | D:7      | Reached skill level 5 in Slings
  7862 | D:7      | Reached skill level 6 in Fighting
  8001 | D:7      | Noticed a boulder beetle
  8039 | D:7      | Killed a boulder beetle
  8040 | D:7      | Reached XP level 10. HP: 35/73 MP: 0/0
  8339 | D:7      | Found a staircase to the Ecumenical Temple.
  8487 | D:7      | Noticed a cyclops
  8498 | D:7      | Killed a cyclops
  8499 | D:7      | Reached skill level 7 in Fighting
  9136 | D:8      | Reached skill level 1 in Shields
 10757 | D:9      | Reached XP level 11. HP: 81/81 MP: 0/0
 10757 | D:9      | Learned a level 5 spell: Bolt of Magma
 10762 | D:9      | Reached skill level 8 in Fighting
 11718 | D:10     | Entered Level 10 of the Dungeon
 11857 | D:10     | Found Fulerutz's Island Escapes.
 11866 | D:10     | Bought a scroll of fog for 26 gold pieces
 11866 | D:10     | Bought a scroll of blinking for 97 gold pieces
 11866 | D:10     | Bought a scroll of teleportation for 39 gold pieces
 11866 | D:10     | Bought a potion of flight for 39 gold pieces
 11905 | D:10     | Reached skill level 9 in Fighting
 12189 | D:10     | Found a staircase to the Lair.
 12324 | D:10     | Noticed a two-headed ogre
 12333 | D:10     | Killed a two-headed ogre
 12829 | D:11     | Found a staircase to the Orcish Mines.
 12845 | D:11     | Noticed a two-headed ogre
 12855 | D:11     | Killed a two-headed ogre
 13272 | D:11     | Reached XP level 12. HP: 49/91 MP: 0/0
 13843 | D:11     | Noticed a six-headed hydra
 13849 | D:11     | Killed a six-headed hydra
 14169 | D:11     | Reached skill level 10 in Fighting
 14403 | D:11     | Noticed Fannar
 14415 | D:11     | Killed Fannar
 15552 | Lair:1   | Entered Level 1 of the Lair of Beasts
 15737 | Lair:1   | Reached skill level 10 in Slings
 16409 | Lair:1   | Noticed Sonja
 16412 | Lair:1   | Killed Sonja
 17020 | Lair:2   | Noticed a six-headed hydra
 17029 | Lair:2   | Killed a six-headed hydra
 17030 | Lair:2   | Reached skill level 10 in Spellcasting
 17231 | Lair:2   | Noticed a four-headed hydra
 17281 | Lair:2   | Killed a four-headed hydra
 17282 | Lair:2   | Reached skill level 11 in Fighting
 17282 | Lair:2   | Reached XP level 13. HP: 78/99 MP: 0/0
 17282 | Lair:2   | Learned a level 5 spell: Lightning Bolt
 18374 | Lair:3   | Found a hole to the Spider Nest.
 18754 | Lair:3   | Reached skill level 5 in Dodging
 20354 | Lair:4   | Reached skill level 12 in Fighting
 20885 | Lair:4   | Found a staircase to the Shoals.
 21318 | Lair:5   | Found a staircase to the Slime Pits.
 21774 | Lair:5   | Found the +7 captain's cutlass {speed, disarm}
 22783 | Lair:5   | Reached XP level 14. HP: 38/108 MP: 0/0
 23972 | Lair:5   | Identified Sif Muna's Compendium of the Escort and the
                  | Blaze
 24148 | Lair:6   | Entered Level 6 of the Lair of Beasts
 24333 | Lair:6   | Reached skill level 13 in Fighting
 26732 | Lair:6   | Reached skill level 14 in Fighting
 27254 | Orc:1    | Entered Level 1 of the Orcish Mines
 27254 | Orc:1    | Found Hucenk's General Store.
 27267 | Orc:1    | Found a bloodstained altar of Trog.
 27309 | Orc:1    | Bought a scroll of teleportation for 33 gold pieces
 27309 | Orc:1    | Bought a scroll of identify for 22 gold pieces
 27309 | Orc:1    | Bought 2 potions of curing for 66 gold pieces
 27309 | Orc:1    | Bought a scroll of identify for 22 gold pieces
 27406 | Orc:2    | Entered Level 2 of the Orcish Mines
 27669 | Orc:2    | Noticed Nessos
 27683 | Orc:2    | Killed Nessos
 27701 | Orc:2    | Reached XP level 15. HP: 31/117 MP: 0/0
 27701 | Orc:2    | Learned a level 6 spell: Shadow Creatures
 28119 | Orc:2    | Noticed Saint Roka
 28141 | Orc:2    | HP: 4/117 [Saint Roka/divine providence (9)]
 28681 | Orc:2    | Noticed Josephine
 29105 | Orc:2    | Found Dyvablic's Jewellery Boutique.
 29117 | Orc:2    | Found a staircase to the Elven Halls.
 29178 | Orc:2    | Killed Josephine
 29182 | Orc:2    | Slain by an orc warrior

Illustrated notes

Levels and vault maps discovered:
D:1:      tarquinn_simple_flora_water_c, layout_rooms, serial_corexii_hall,
          corexii_hall_statues_l, corexii_hall_statues_i,
          hangedman_decor_growths, hangedman_feature_mirror, st_stairs_7,
          wander_ebering_terrifying_dragon_lair
D:2:      layout_loops_ring, ebering_ecumenical_altar_hall,
          amcnicky_mini_rare_corridor_liquid
D:3:      layout_loops_ring, nzn_wu_jian_council_hall, serial_shops, shop,
          nicolae_shop_waterfront, nicolae_shop_temple_entry_statues_fountains,
          shop, nicolae_shop_behind_doors
D:4:      layout_basic
D:5:      layout_rooms
D:6:      layout_loops_ring
D:7:      layout_rooms, minmay_temple_entry_trees, minmay_shattered_shrine,
          uniq_pikel
D:8:      layout_basic, kennysheep_generic_room_5
D:9:      layout_long_grid
D:10:     layout_roguey, david_lair_generic, special_room [special_room_orc],
          nicolae_island_escapes
D:11:     layout_grid_maze, david_orc_3, uniq_fannar
Lair:1:   layout_loops_ring, cheibrodos_lair_lostbears, grunt_megastairs_4,
          lemuel_fruit_fields, uniq_sonja
Lair:2:   layout_roguey
Lair:3:   layout_gridlike, spider_nest_entry_funnel_web, worms_lemuel,
          minmay_lair_oklob_chamber, serial_bayou_shore_b
Lair:4:   layout_gridlike, minmay_shoals_entry_lonely_mermaid,
          grunt_forest_stairs_basic
Lair:5:   nzn_winding_woodlands_stair_trap
          [nzn_winding_woodlands_5x15_lazy_stream,
          nzn_winding_woodlands_5x15_concentric,
          nzn_winding_woodlands_5x15_twine,
          nzn_winding_woodlands_15x15_thick_spiral,
          nzn_winding_woodlands_5x15_split_checker,
          nzn_winding_woodlands_5x15_parted,
          nzn_winding_woodlands_5x15_crooked], layout_layer_cave, slime_dummy,
          small_statue_intersection
Lair:6:   gammafunk_lair_ancient_temple, layout_regular_city,
          nicolae_volcano_entry_hallway, wad_woods_03, lemuel_fruit_fields
Orc:1:    layout_caves, basic_altar, serial_shops, nicolae_shop_crystal
Orc:2:    st_orc_rangers, layout_diamond_mine, basic_altar, serial_shops,
          nicolae_shop_statue_plus, uniq_josephine, uniq_nessos, uniq_saint_roka

Skill      XL: |  1  2  3  4  5  6  7  8  9 10 11 12 13 14 |
---------------+-------------------------------------------+-----
Spellcasting   | 4 5 6 7 8 9 10 11 | 11.5
Short Blades   | 1 2 3 |  3.2
Fighting       | 1 2 3 4 6 7 9 11 12 14 | 14.3
Stealth        | 2 3 4 |  4.0
Dodging        | 3 4 5 6 |  6.4
Slings         | 3 6 7 9 10 12 | 12.7
Shields        | 1 2 |  2.9
Evocations     | |  0.5

Action                   |  1- 3 |  4- 6 |  7- 9 | 10-12 | 13-15 || total
-------------------------+-------+-------+-------+-------+-------++-------
Melee: Dagger            |    93 |    42 |    17 |       |       ||   152
       Whip              |     3 |       |       |       |       ||     3
       Unarmed           |     1 |       |       |       |       ||     1
 Fire: Hunting sling     |       |       |   142 |   607 |   899 ||  1648
 Cast: Freeze            |    15 |     4 |     1 |       |       ||    20
       Frozen Ramparts   |     2 |    12 |     5 |     4 |     1 ||    24
       Hailstorm         |       |     2 |     8 |    24 |     6 ||    40
       Ozocubu's Armour  |       |     1 |     1 |       |       ||     2
       Summon Ice Beast  |       |       |     2 |    22 |     8 ||    32
       Tukima's Dance    |       |       |     2 |     1 |       ||     3
       Foxfire           |       |       |     2 |       |       ||     2
       Bolt of Magma     |       |       |       |    14 |    35 ||    49
       Shadow Creatures  |       |       |       |       |     1 ||     1
Evoke: Wand              |       |       |       |       |     6 ||     6
  Use: Scroll            |     6 |     5 |     7 |     4 |    11 ||    33
       Potion            |     1 |     2 |     2 |       |     5 ||    10
 Stab: Sleeping          |     4 |     1 |       |       |       ||     5
Armor: Robe              |    15 |    27 |    15 |    54 |    64 ||   175
Dodge: Dodged            |    66 |    61 |    31 |   100 |   170 ||   428
Block: Other             |       |       |     7 |    40 |    60 ||   107
       Reflection        |       |       |       |     5 |    11 ||    16

Table legend: (Time is in decaauts)
 A = Elapsed time spent in this place.
 B = Non-inter-level travel time spent in this place.
 C = Inter-level travel time spent in this place.
 D = Time resting spent in this place.
 E = Time spent auto-exploring this place.
 F = Levels seen in this place.
 G = Mean time per level.
                   A        B        C        D        E       F      G
               +--------+--------+--------+--------+--------+-----+--------+
         Total |  28716 |  27279 |   1437 |   5130 |  19092 |  19 | 1511.4 |
       Dungeon |  15486 |  14645 |    841 |   1815 |  11154 |  11 | 1407.8 |
          Lair |  11344 |  10777 |    567 |   2246 |   7421 |   6 | 1890.7 |
  Orcish Mines |   1885 |   1857 |     28 |   1069 |    517 |   2 |  942.5 |
               +--------+--------+--------+--------+--------+-----+--------+

Top non-repeatable levels by time:
    D:11: 2712 daAuts
  Lair:5: 2632 daAuts
  Lair:3: 2586 daAuts
  Lair:6: 2439 daAuts
     D:4: 2134 daAuts
     D:3: 1951 daAuts
  Lair:4: 1758 daAuts
     D:8: 1510 daAuts
     D:7: 1417 daAuts
     D:9: 1202 daAuts
    D:10: 1090 daAuts
     D:6: 988 daAuts
  Lair:2: 966 daAuts
   Orc:1: 964 daAuts
  Lair:1: 962 daAuts
